 Dungeon Crawl Stone Soup version 0.25-a0-189-gf71692caf1 (webtiles) character file.

Game seed: 1177775374729134029, levelgen mode: deterministic

1621 Gumption the Chiller (level 8, 0/61 HPs)
             Began as a Merfolk Ice Elementalist on Nov 29, 2019.
             Was a Believer of Vehumet.
             Succumbed to Duvessa's poison
             ... on level 6 of the Dungeon.
             The game lasted 00:56:53 (7805 turns).

Gumption the Chiller (Merfolk Ice Elementalist)     Turns: 7805, Time: 00:56:53

Health: 0/61       AC:  7    Str: 12    XL:     8   Next: 96%
Magic:  3/14       EV: 15    Int: 16    God:    Vehumet [**....]
Gold:   400        SH:  5    Dex: 14    Spells: 1/15 levels left

rFire    . . .     SeeInvis .   a - +2 dagger (flame)
rCold    . . .     Gourm    +   y - +0 buckler
rNeg     . . .     Faith    .   r - +0 leather armour
rPois    .         Spirit   .   f - +0 helmet
rElec    .         Reflect  .   g - +0 cloak
rCorr    .         Harm     .   t - +1 pair of gloves
MR       .....                  (no boots)
Stlth    ++........             c - amulet of the gourmand
HPRegen  0.20/turn              m - +3 ring of strength
MPRegen  0.14/turn              (no ring)

@: lethally poisoned (0 -> -28)
A: change form in water, swift swim, stealthy swim
a: Renounce Religion


You were on level 6 of the Dungeon.
You worshipped Vehumet.
Vehumet was pleased with you.
You were completely stuffed.

You visited 2 branches of the dungeon, and saw 9 of its levels.

You collected 400 gold pieces.

Inventory:

Hand Weapons
 a - a +2 dagger of flaming (weapon)
 b - a +0 hunting sling
Missiles
 h - 121 stones
 s - 43 poisoned darts (quivered)
 B - 2 boomerangs
Armour
 f - a +0 helmet (worn)
 g - a +0 cloak (worn)
 r - a +0 leather armour (worn)
 t - a +1 pair of gloves (worn)
 y - a +0 buckler (worn)
Jewellery
 c - an amulet of the gourmand (around neck)
 m - a +3 ring of strength (left hand)
Wands
 o - a wand of acid (7)
 x - a wand of iceblast (9)
 A - a wand of digging (5)
Scrolls
 d - a scroll of enchant armour
 i - 3 scrolls of magic mapping
 k - a scroll of immolation {unknown}
 l - 2 scrolls of teleportation
 C - a scroll of amnesia
 D - 2 scrolls of fear
 E - a scroll of remove curse
 F - a scroll of fog {unknown}
Potions
 j - 5 potions of flight
 n - a potion of resistance
 p - 2 potions of haste
 q - a potion of curing
 u - a potion of agility
 v - 2 potions of heal wounds
 w - a potion of magic
 z - a potion of cancellation {unknown}
Comestibles
 e - 10 rations
 G - a chunk of flesh


   Skills:
 + Level 4.4 Fighting
 + Level 6.1 Dodging
 - Level 2.1 Stealth
 - Level 4.0 Shields
 + Level 4.0 Spellcasting
 + Level 2.9 Conjurations
 + Level 1.7 Charms
 + Level 1.6 Summonings
 * Level 6.7 Ice Magic


You had one spell level left.
You knew the following spells:

 Your Spells              Type           Power        Failure   Level  Hunger
a - Throw Frost           Conj/Ice       ###...       4%          2    ##.....
b - Freeze                Ice            ###.         1%          1    None
c - Ozocubu's Armour      Chrm/Ice       ###.....     11%         3    ###....
d - Summon Ice Beast      Ice/Summ       ###.....     36%         4    ####...
e - Magic Dart            Conj           ##..         6%          1    None
f - Mephitic Cloud        Conj/Pois/Air  #.......     41%         3    ###....

Your spell library contained the following spells:

 Spells                   Type           Power        Failure   Level  Hunger
 Sting                    Conj/Pois      #...         12%         1    None
 Confusing Touch          Hex            #.....       22%         1    None
 Corona                   Hex            #......      22%         1    None
 Ensorcelled Hibernation  Hex/Ice        ##....       9%          2    ##.....
 Call Imp                 Summ           #.......     17%         2    ##.....
 Throw Icicle             Conj/Ice       ###.....     28%         4    ####...
 Blink                    Tloc           N/A          32%         2    ##.....
 Slow                     Hex            #.......     32%         2    ##.....
 Conjure Flame            Conj/Fire      #.......     34%         3    ###....
 Dazzling Spray           Conj/Hex       #.....       34%         3    ###....
 Confuse                  Hex            #.......     54%         3    ###....
 Gell's Gravitas          Tloc           #.........   54%         3    ###....
 Tukima's Dance           Hex            #.......     54%         3    ###....
 Metabolic Englaciation   Hex/Ice        ##........   83%         5    ######.
 Petrify                  Tmut/Erth      #.......     91%         4    ####...
 Yara's Violent Unravell  Hex/Tmut       #.........   99%         5    ######.


Dungeon Overview and Level Annotations

Branches:
Dungeon (8/15)             Temple (1/1) D:7
   Lair: D:8-11

Altars:
Ashenzari
Cheibriados
Dithmenos
Elyvilon
Fedhas
Gozag
Hepliaklqana
Kikubaaqudgha
Makhleb
Okawaru
Ru
Sif Muna
Trog
Uskayaw
Vehumet
Wu Jian
Xom
Yredelemnul
Zin
The Shining One

Shops:
D:5 *

Annotations:
D:6 Dowan, Duvessa


Message History

You are more poisoned.
You feel much better.
* * * LOW HITPOINT WARNING * * *
You feel very sick. Duvessa misses you.
* * * LOW HITPOINT WARNING * * *
You feel sick.
Duvessa hits you with a +0 short sword of venom.
* * * LOW HITPOINT WARNING * * *
* * * LOW HITPOINT WARNING * * *
You feel very sick.
* * * LOW HITPOINT WARNING * * *
You feel sick. Duvessa closely misses you.
Duvessa hits you with a +0 short sword of venom.
* * * LOW HITPOINT WARNING * * *
You are more poisoned.
* * * LOW HITPOINT WARNING * * *
You feel very sick. Duvessa closely misses you.
Dowan hits you but does no damage.
You die...

### ############
##.###############.......=..#
##.#....................####.#
#.###...............###.# #.#
#####.#.#.#.....@.<.....##.#
#.#
#.............ee##.####.##.#
#..
#.###..#.................(..
### #.#
#..#.#.#.#.....####....# #.#
#..#.#.#.#...### ...##.####
... ...#...#.#...# .#........
#.####.#.#.#.#...# ...#..###.
#.# #.#.#.#.#...# #. #.#
#.#.#.#.#...# ##.####.


You could see Duvessa and Dowan.

Vanquished Creatures
  Menkaure (D:6)
  2 sky beasts (D:5)
  3 ogres
  A centaur (D:5)
  2 bullfrogs (D:5)
  A wight (D:7)
  A howler monkey (D:4)
  4 crimson imps
  A bullfrog zombie (D:5)
  4 hounds
  2 orc wizards
  A jelly (D:7)
  5 worker ants
  A hound zombie (D:6)
  3 hound skeletons
  9 adders
  A shadow imp (D:6)
  3 oozes
  5 worms (D:4)
  A dart slug (D:1)
  3 leopard geckos
  12 orcs
  A ball python (D:3)
  12 giant cockroaches
  9 hobgoblins
  3 jackals (D:5)
  A quokka (D:4)
  6 bats
  7 frilled lizards
  10 goblins
  5 kobolds
  A quokka zombie (D:5)
  6 rats
127 creatures vanquished.

Notes
Turn   | Place    | Note
-------+----------+-------------------------------------------
     0 | D:1      | Gumption the Merfolk Ice Elementalist began the quest for
                  | the Orb.
     0 | D:1      | Reached XP level 1. HP: 13/13 MP: 3/3
   396 | D:1      | Reached XP level 2. HP: 14/20 MP: 1/5
   732 | D:1      | Learned a level 2 spell: Throw Frost
   844 | D:1      | Reached skill level 1 in Fighting
   890 | D:1      | Reached XP level 3. HP: 20/26 MP: 2/6
  1194 | D:2      | Learned a level 3 spell: Ozocubu's Armour
  1823 | D:2      | Reached XP level 4. HP: 29/32 MP: 7/7
  2127 | D:2      | Found a radiant altar of Vehumet.
  2146 | D:2      | Became a worshipper of Vehumet
  2642 | D:3      | Reached XP level 5. HP: 38/38 MP: 8/8
  2693 | D:3      | Found a shattered altar of Ashenzari.
  2769 | D:3      | Found a white marble altar of Elyvilon.
  2933 | D:3      | Found a glowing golden altar of the Shining One.
  2941 | D:3      | Found a basalt altar of Yredelemnul.
  2943 | D:3      | Noticed a profane servitor
  3434 | D:4      | Reached skill level 5 in Ice Magic
  3691 | D:4      | Reached skill level 1 in Shields
  3691 | D:4      | Reached XP level 6. HP: 35/46 MP: 5/10
  3697 | D:4      | Learned a level 4 spell: Summon Ice Beast
  4040 | D:4      | Reached * piety under Vehumet
  4040 | D:4      | Offered knowledge of Flame Tongue by Vehumet.
  4043 | D:4      | Learned a level 1 spell: Flame Tongue
  4204 | D:4      | Reached skill level 1 in Conjurations
  4604 | D:4      | Reached XP level 7. HP: 51/51 MP: 9/11
  4847 | D:4      | Learned a level 1 spell: Magic Dart
  4878 | D:5      | Entered Level 5 of the Dungeon
  5253 | D:5      | Reached skill level 5 in Dodging
  5432 | D:5      | Found Fije's Assorted Antiques.
  5552 | D:5      | Reached XP level 8. HP: 46/58 MP: 13/13
  6068 | D:5      | Reached ** piety under Vehumet
  6068 | D:5      | Offered knowledge of Sting by Vehumet.
  6139 | D:5      | Learned a level 3 spell: Mephitic Cloud
  6431 | D:6      | You fall into a shaft and drop 2 floors!
  6501 | D:7      | Found a staircase to the Ecumenical Temple.
  6523 | Temple   | Entered the Ecumenical Temple
  7139 | D:6      | Found a shadowy altar of Dithmenos.
  7378 | D:6      | Reached skill level 1 in Charms
  7378 | D:6      | Reached skill level 1 in Summonings
  7686 | D:6      | Noticed Menkaure
  7688 | D:6      | Killed Menkaure
  7779 | D:6      | Noticed Dowan
  7781 | D:6      | Noticed Duvessa
  7799 | D:6      | HP: 2/61 [Duvessa/+0 short sword of venom (4)]
  7804 | D:6      | HP: 2/61 [poisoned by Duvessa]
  7805 | D:6      | Succumbed to Duvessa's poison

Levels and vault maps discovered:
D:1:      sevenhm_arrival_forest_fort_small_3, layout_basic
D:2:      minmay_roachtagon, layout_rooms, vehumet_crystals
D:3:      layout_basic, grunt_temple_overflow_holy_war,
          chequers_temple_overflow_statue_of_worship, serial_curves,
          eino_curves_01, eino_curves_01
D:4:      minmay_skewed_foursquare, layout_basic, first_ration,
          serial_park_tiny_1, kennysheep_generic_room_16
D:5:      kennysheep_spiral_hall, layout_cave_pods, serial_shops, shop,
          glass_columns_b, minmay_misc_feat_more_columns, chequers_big_river
D:6:      layout_loops_ring, grunt_dithmenos_shadows, uniq_duvessa, uniq_edmund,
          uniq_menkaure
D:7:      layout_gridville, lemuel_round_altar, minmay_temple_entry_slanted,
          serial_glass, glass_columns_b, glass_columns_a, serial_shops, shop,
          uniq_joseph
D:8:      minmay_blocky_corners, layout_gridville, grunt_qazlal_clouds,
          david_lair_generic
Temple:   eino_temple_water

Skill      XL: |  1  2  3  4  5  6  7  8 |
---------------+-------------------------+-----
Dodging        | 3 4 5 6 |  6.1
Fighting       | 1 2 3 4 |  4.4
Ice Magic      | 4 5 6 |  6.7
Shields        | 1 2 3 4 |  4.0
Spellcasting   | 3 4 |  4.0
Conjurations   | 1 2 |  2.9
Charms         | 1 |  1.7
Summonings     | 1 |  1.6
Stealth        | |  2.1

Action                   |  1- 3 |  4- 6 |  7- 9 || total
-------------------------+-------+-------+-------++-------
Melee: Dagger            |    18 |    65 |    70 ||   153
Throw: Stone             |    28 |       |       ||    28
       Dart              |    14 |    43 |    12 ||    69
 Cast: Freeze            |    52 |    77 |   109 ||   238
       Throw Frost       |     2 |    12 |    18 ||    32
       Magic Dart        |       |       |    15 ||    15
Evoke: Wand              |       |       |     2 ||     2
  Use: Scroll            |     1 |     8 |     7 ||    16
       Potion            |       |       |     3 ||     3
  Eat: Chunk             |     4 |    11 |    17 ||    32
Armor: Robe              |    13 |     7 |       ||    20
       Leather armour    |       |    22 |    44 ||    66
Dodge: Dodged            |    47 |    78 |    83 ||   208
Block: Buckler           |       |    13 |    36 ||    49

Table legend:
 A = Non-vault XP
 B = Vault XP
 C = Vault XP percentage of total XP
 D = Non-vault monster count
 E = Vault monster count
 F = Vault count percentage of total count
                 A         B        C        D         E       F
            +---------+---------+-------+---------+---------+-------
      Total |    1763 |     553 |  23.9 |     112 |      15 |  11.8
            +---------+---------+-------+---------+---------+-------
        D:1 |      38 |       0 |   0.0 |      23 |       0 |   0.0
        D:2 |      70 |      14 |  16.7 |      18 |       7 |  28.0
        D:3 |     110 |       0 |   0.0 |      17 |       0 |   0.0
        D:4 |     227 |     166 |  42.2 |      19 |       3 |  13.6
        D:5 |     925 |     189 |  17.0 |      24 |       3 |  11.1
        D:6 |     280 |     184 |  39.7 |       8 |       2 |  20.0
        D:7 |     113 |       0 |   0.0 |       3 |       0 |   0.0
            +---------+---------+-------+---------+---------+-------
